 Dungeon Crawl Stone Soup version 0.17.1-3-g152610e (webtiles) character file.

114 Metrazal the Sneak (level 4, -2/22 HPs)
             Began as a Spriggan Assassin on Mar 12, 2016.
             Shot with an arrow by a centaur (14 damage)
             ... on level 3 of the Dungeon.
             The game lasted 00:16:38 (3618 turns).

Metrazal the Sneak (Spriggan Assassin)              Turns: 3618, Time: 00:16:38

Health: -2/22      AC:  3    Str: 10    XL:     4   Next: 67%
Magic:  5/5        EV: 19    Int: 12    God:
Gold:   102        SH:  0    Dex: 18    Spells: 0 memorised, 3 levels left

rFire  . . .     SeeInvis +     b - +0 blowgun
rCold  . . .     Clarity  .     w - +0 robe
rNeg   . . .     SustAt   .     (shield restricted)
rPois  .         Gourm    .     (helmet restricted)
rElec  .         Spirit   .     d - +0 cloak
rCorr  .         Warding  .     (gloves unavailable)
rMut   .         Stasis   .     (boots unavailable)
MR     .....                    (no amulet)
Stlth  ++++......               (no ring)
                                m - +3 ring of strength

@: very quick, not resistant to hostile enchantments, stealthy
A: unfitting armour, see invisible, herbivore 3, speed 3, slow metabolism 2
a: no special abilities


You were on level 3 of the Dungeon.
You were not hungry.

You visited 1 branch of the dungeon, and saw 3 of its levels.

You collected 102 gold pieces.

Inventory:

Hand Weapons
 a - a +2 dagger
 b - a +0 blowgun (weapon)
 c - a +0 hunting sling
Missiles
 e - 4 poisoned needles (quivered)
 f - 2 curare-tipped needles
 h - 125 stones
 r - 27 sling bullets
 y - 7 arrows of flame
Armour
 d - a +0 cloak (worn)
 w - a +0 robe (worn)
Jewellery
 m - a +3 ring of strength (left hand)
 q - a +1 ring of protection {unknown}
Scrolls
 i - a scroll of magic mapping {unknown}
 j - 2 scrolls of teleportation {unknown}
 n - a scroll of recharging {unknown}
 o - 2 scrolls of identify {unknown}
 p - a scroll of enchant weapon {unknown}
 u - a scroll of fog {unknown}
 v - a scroll of random uselessness {unknown}
 x - a scroll of immolation {unknown}
Potions
 k - 2 potions of heal wounds {unknown}
 l - a potion of curing {unknown}
 s - a potion of beneficial mutation {unknown}
 z - a potion of cancellation {unknown}
Comestibles
 g - 4 bread rations
 t - a slice of pizza


   Skills:
 - Level 1.5 Fighting
 + Level 3.6 Short Blades
 + Level 0.5(1.6) Slings
 - Level 2.0 Throwing
 + Level 3.8 Dodging
 + Level 7.1 Stealth


You had 3 spell levels left.
You didn't know any spells.

Dungeon Overview and Level Annotations

Branches:
Dungeon (3/15)

Altars:
Ashenzari
Cheibriados
Okawaru

Annotations:
D:3 Name63's ghost, amateur GrIE


Innate Abilities, Weirdness & Mutations

You are tiny and cannot use many weapons and most armour.
You have supernaturally acute eyesight.
You are a herbivore.
You cover ground extremely quickly.
You need consume almost no food.


Message History

The arrow barely misses you.
Found 28 stones.
You see here an arrow.
Wield which item (- for none, * to show all)? (? for menu, Esc to quit)
b - a +0 blowgun (weapon)
Firing (i - inventory. (,) - cycle):
e - 6 poisoned needles (quivered)
Press: ? - help, Shift-Dir - straight line, f - centaur
Aim: a centaur, wielding a shortbow You shoot a poisoned needle.
The poisoned needle hits the centaur.
The centaur is poisoned.
The centaur shoots an arrow.
The arrow hits you!
An adder comes into view.
Firing (i - inventory. (,) - cycle):
e - 5 poisoned needles (quivered)
Press: ? - help, Shift-Dir - straight line, f/p - centaur
Aim: a centaur, wielding a shortbow (lightly wounded, poisoned)
You shoot a poisoned needle.
The poisoned needle closely misses the centaur.
The centaur shoots an arrow.
The arrow closely misses you.
The centaur shoots an arrow.
The arrow hits you!
Ouch! That really hurt!
You die...

....(......####....####
...(......+...........
.Sc......####....####
......w ##.#.# .....
###.# ... #.# #'# #.#
#(# #.## #@# #..#
#####.##### ##.#
#......>..# #.#
#.#.....#.## #.#
##...#.#.## #.#
##.#.###.######.#
####.#.........#
##.########## ###


You could see a centaur.

Vanquished Creatures
  Jessica (D:3)
  Robin (D:2)
  2 adders
  An ooze (D:1)
  2 worms (D:2)
  2 giant geckos
  A ball python (D:2)
  3 bats
  4 giant cockroaches
  7 hobgoblins
  6 kobolds
  A giant newt (D:1)
  12 goblins
  8 rats
51 creatures vanquished.

Notes
Turn   | Place    | Note
--------------------------------------------------------------
     0 | D:1      | Metrazal the Spriggan Assassin began the quest for the Orb.
     0 | D:1      | Reached XP level 1. HP: 10/10 MP: 2/2
   170 | D:1      | Reached skill level 6 in Stealth
   249 | D:1      | Reached XP level 2. HP: 14/14 MP: 3/3
   888 | D:2      | Noticed Robin
   894 | D:1      | Reached XP level 3. HP: 18/18 MP: 4/4
  1351 | D:2      | Found an iron altar of Okawaru.
  1737 | D:2      | Killed Robin
  2133 | D:2      | Reached XP level 4. HP: 19/22 MP: 5/5
  2519 | D:2      | Found a shattered altar of Ashenzari.
  2519 | D:2      | Found a snail-covered altar of Cheibriados.
  2977 | D:3      | Noticed Jessica
  3159 | D:3      | Killed Jessica
  3159 | D:3      | Reached skill level 7 in Stealth
  3178 | D:3      | Noticed Name63's ghost (amateur GrIE)
  3389 | D:3      | Found an iron altar of Okawaru.
  3613 | D:3      | Noticed a centaur
  3618 | D:3      | Shot with an arrow by a centaur

Action                   |  1- 3 |  4- 6 || total
-------------------------+-------+-------++-------
Melee: Dagger            |   119 |    17 ||   136
 Fire: Blowgun           |     7 |     7 ||    14
 Stab: Sleeping          |     6 |     4 ||    10
